 Dungeon Sprint DCSS version 0.18.1-48-g4cf74bf (webtiles) character file.

53750 Joat the Peltast (level 14, -1/111 HPs)
             Began as a Demonspawn Gladiator on Aug 26, 2016.
             Was the Champion of Vehumet.
             Slain by a wolf spider (7 damage)
             ... in the Dungeon (Sprint V: "Ziggurat Sprint").
             The game lasted 00:47:43 (2483 turns).

Joat the Peltast (Demonspawn Gladiator)             Turns: 2483, Time: 00:47:44

Health: -1/111     AC: 29    Str: 20    XL:     14   Next: 32%
Magic:  14/14      EV:  6    Int: 13    God:    Vehumet [******]
Gold:   0          SH: 34    Dex: 21    Spells: 2 memorised, 6 levels left

rFire  . . .     SeeInvis +     M - +14 obsidian axe {chop, +Fly Str+3 SInv *Curse} (curse)
rCold  + + .     Gourm    .     J - +9 crystal plate armour
rNeg   + + +     Faith    .     K - +18 shield of the gong {rElec rN+ MR+ EV-5}
rPois  .         Spirit   .     c - +0 helmet
rElec  +         Dismiss  .     E - +0 cloak "Meciuson" {rCorr Str+5}
rCorr  +         Reflect  .     Z - +0 pair of gloves "Wizxefah" {rN+}
SustAt .         Harm     .     (no boots)
MR     ++...     Rnd*Rage +     y - amulet "Maire" {rC+ rN+ Regen+ Stlth+}
Stlth  .......... NoTele   +    D - +6 ring of dexterity
                                H - ring of protection from cold

@: lethally poisoned (-1 -> -1), corroded, mesmerised, slowed, studying Shields,
very slow, very resistant to hostile enchantments, extremely unstealthy
A: talons 2, slimy green scales 2, berserk 1, deformed body, frail 1, foul
stench 1, powered by pain 3, weak 2, rot immunity
a: Renounce Religion, Evoke Flight


You were in the Dungeon.
You worshipped Vehumet.
Vehumet was exalted by your worship.
You were very full.

You visited 1 branch

Inventory:

Hand Weapons
 o - the +3 Elemental Staff {rElec rF++ rC++ MR++ AC+5}
   (You found it in the Dungeon)

   It affects your AC (+5).
   It greatly protects you from fire.
   It greatly protects you from cold.
   It insulates you from electricity.
   It affects your resistance to hostile enchantments.
 M - the cursed +14 obsidian axe (weapon) {chop, +Fly Str+3 SInv *Curse}
   (You found it in the Dungeon)

   It inflicts extra damage upon your enemies.
   It affects your strength (+3).
   It lets you see invisible.
   It lets you fly.
   It may re-curse itself when equipped.
   It has a curse placed upon it.
Armour
 c - a +0 helmet (worn)
 C - the +0 scale mail of the Sun {MR+ Int+8 Dex-2}
   (You found it in the Dungeon)

   It affects your intelligence (+8).
   It affects your dexterity (-2).
   It affects your resistance to hostile enchantments.
 E - the +0 cloak "Meciuson" (worn) {rCorr Str+5}
   (You found it in the Dungeon)

   It affects your strength (+5).
   It protects you from acid and corrosion.
 J - a +9 crystal plate armour (worn)
 K - the +18 shield of the gong (worn) {rElec rN+ MR+ EV-5}
   (You found it in the Dungeon)

   It affects your evasion (-5).
   It insulates you from electricity.
   It protects you from negative energy.
   It affects your resistance to hostile enchantments.
 Y - a +1 pair of boots of running
 Z - the +0 pair of gloves "Wizxefah" (worn) {rN+}
   (You found it in the Dungeon)

   It protects you from negative energy.
Jewellery
 b - an uncursed ring of protection from magic
 y - the amulet "Maire" (around neck) {rC+ rN+ Regen+ Stlth+}
   (You found it in the Dungeon)

   [amulet of regeneration]

   It protects you from cold.
   It protects you from negative energy.
   It increases your rate of regeneration.
   It makes you more stealthy.
 D - a +6 ring of dexterity (right hand)
 F - a +6 ring of intelligence
 G - a +6 ring of intelligence
 H - a ring of protection from cold (left hand)
 I - a +6 ring of strength
 L - an uncursed ring of protection from magic
Scrolls
 a - a scroll of acquirement
 k - 4 scrolls of blinking
 r - 4 scrolls of amnesia
 s - 3 scrolls of recharging
 t - 8 scrolls of fog
 u - 5 scrolls of identify
 v - 5 scrolls of remove curse
 w - 2 scrolls of fear
 S - 4 scrolls of brand weapon
Potions
 e - 8 potions of curing
 g - 5 potions of heal wounds
 h - 6 potions of haste
 i - 7 potions of magic
 j - 2 potions of berserk rage
 l - 2 potions of brilliance
 m - 2 potions of invisibility
 n - 3 potions of resistance
 p - 5 potions of agility
 q - 6 potions of might
Books
 d - a book of the Warp

   Spells                             Type                      Level
   a - Recall                         Summoning/Translocation      3
   b - Gell's Gravitas                Hexes/Translocation          3
   c - Force Lance                    Conjuration/Translocation    4
   d - Warp Weapon                    Charms/Translocation         5
   e - Summon Forest                  Summoning/Translocation      5
 A - a book of Annihilations

   Spells                             Type                      Level
   a - Poison Arrow                   Conjuration/Poison           6
   b - Chain Lightning                Conjuration/Air              8
   c - Lehudib's Crystal Spear        Conjuration/Earth            8
   d - Glaciate                       Conjuration/Ice              9
   e - Fire Storm                     Conjuration/Fire             9
 B - a manual of Shields
 N - a book of Battle

   Spells                             Type                      Level
   a - Infusion                       Charms                       1
   b - Shroud of Golubria             Charms/Translocation         2
   c - Song of Slaying                Charms                       2
   d - Spectral Weapon                Hexes/Charms                 3
   e - Regeneration                   Charms/Necromancy            3
 Q - a book of Burglary

   Spells                             Type                      Level
   a - Swiftness                      Charms/Air                   2
   b - Passwall                       Transmutation/Earth          2
   c - Passage of Golubria            Translocation                4
   d - Lee's Rapid Deconstruction     Earth                        5
   e - Darkness                       Hexes                        6
   f - Invisibility                   Hexes                        6
 R - a book of Unlife

   Spells                             Type                      Level
   a - Recall                         Summoning/Translocation      3
   b - Animate Dead                   Necromancy                   4
   c - Control Undead                 Necromancy                   4
   d - Cigotuvi's Embrace             Necromancy                   5
   e - Death Channel                  Necromancy                   6
   f - Simulacrum                     Ice/Necromancy               6
 T - a book of the Sky

   Spells                             Type                      Level
   a - Summon Lightning Spire         Summoning/Air                4
   b - Airstrike                      Air                          4
   c - Silence                        Hexes/Air                    5
   d - Deflect Missiles               Charms/Air                   6
   e - Conjure Ball Lightning         Conjuration/Air              6
   f - Tornado                        Air                          9
 U - Videatil's Tome of Talismans
   (You found it in the Dungeon)

   Spells                             Type                      Level
   a - Infusion                       Charms                       1
   b - Spectral Weapon                Hexes/Charms                 3
   c - Excruciating Wounds            Charms/Necromancy            5
 V - a book of Spatial Translocations

   Spells                             Type                      Level
   a - Apportation                    Translocation                1
   b - Blink                          Translocation                2
   c - Shroud of Golubria             Charms/Translocation         2
   d - Portal Projectile              Translocation                3
   e - Teleport Other                 Translocation                3
   f - Passage of Golubria            Translocation                4
 W - a book of Maledictions

   Spells                             Type                      Level
   a - Corona                         Hexes                        1
   b - Ensorcelled Hibernation        Hexes/Ice                    2
   c - Confuse                        Hexes                        3
   d - Tukima's Dance                 Hexes                        3
   e - Dazzling Spray                 Conjuration/Hexes            3
Miscellaneous
 O - a legendary deck of destruction {drawn: 1}
Comestibles
 f - 5 bread rations
 x - 42 fruits
 z - 4 meat rations


   Skills:
 - Level 15.8 Fighting
 - Level 16.7 Axes
 - Level 6.1 Throwing
 - Level 14.5 Armour
 - Level 12.5 Dodging
 + Level 18.0 Shields
 - Level 3.6 Transmutations
 - Level 3.3 Earth Magic
   Level 13.1 Poison Magic


You had 6 spell levels left.
You knew the following spells:

 Your Spells              Type           Power        Failure   Level  Hunger
a - Lee's Rapid Deconstr  Erth           #.........   100%        5    ######.
b - Passwall              Trmt/Erth      #.........   100%        2    ###....


Dungeon Overview and Level Annotations

Branches:
Dungeon (1/1)

Altars:
Ashenzari
Cheibriados
Dithmenos
Elyvilon
Fedhas
Gozag
Kikubaaqudgha
Makhleb
Nemelex Xobeh
Okawaru
Pakellas
Qazlal
Ru
Sif Muna
Trog
Vehumet
Xom
Yredelemnul
Zin
The Shining One
Beogh
Jiyva
Lugonu


Innate Abilities, Weirdness & Mutations

You have razor-sharp toenails.
You are mostly covered in slimy green scales (AC +3).
You may emit foul miasma when damaged in melee.
You are powered by pain.
You are immune to rotting.
You tend to lose your temper in combat.
Armour fits poorly on your strangely shaped body.
You are frail (-10% HP).
You are very weak. (Str -4)


Message History

The spark wasp looks sick.
The tarantella bites you but does no damage.
The entropy weaver hits your ice devil! x2
The entropy weaver closely misses your ice devil.
The entropy weaver hits your ice devil.
The moth of wrath bites your ice devil but does no damage.
Evoke which item? (* to show all) (? for menu, Esc to quit)
You draw a card...
It is the Hammer.
You have drawn the Hammer.
Press: ? - help, Shift-Dir - straight line, f - entropy weaver
Aim: an entropy weaver The iron shot hits the spark wasp.
The spark wasp is severely wounded.
Visions of slaying the hornet flood into your mind.
You feel sick. You block the wolf spider's attack.
SHROANNG!
You block the wolf spider's attack.
GONNNNG!
The hornet barely misses you. The wolf spider hits you!
You die...

▓▓▓▓▓▓▓▓▓▓▓▓▓▓▓.......
▓.....8©8.... ▓.......
▓.:)[))}}=[[=.▓.......
▓..[}=}:))[)..▓.......
▓.............▓..▓....
▓.............▓.▓▓▓...
▓....sss......▓..▓....
▓..pyyss......▓.......
▓..y4@ys......▓▓▓▓▓▓▓▓
▓...3ss.......▓...8©8.
▓..▓.3†....▓..▓...).)[
▓.............▓..}[)..
▓.............▓.......
▓.............▓.......
▓▓▓▓▓▓▓▓▓▓▓▓▓▓▓...(((.
▓...((). ▓..▓...▓


You could see an entropy weaver, a spark wasp, 3 demonic crawlers, a wolf spider
(berserk), a moth of wrath, 2 hornets, 3 tarantellas, a redback, 2 friendly sun
demons and a friendly ice devil.

Vanquished Creatures
  An acid blob (D)
  A death cob (D)
  A shadow dragon (D)
  An azure jelly (D)
  2 ghouls (D)
  An orc warlord (D)
  A spriggan defender (D)
  A very ugly thing (D)
  A stone giant (D)
  2 death oozes (D)
  A mummy priest (D)
  A great orb of eyes (D)
  A catoblepas (shapeshifter) (D)
  4 spriggan berserkers (D)
  A fire crab (D)
  A deep troll (shapeshifter) (D)
  A spriggan druid (D)
  An orc knight (D)
  An anubis guard (D)
  A mana viper (shapeshifter) (D)
  3 wolf spiders (D)
  2 shining eyes (D)
  3 ugly things (D)
  A hornet (D)
  A moth of wrath (D)
  A sixfirhy (D)
  An oklob plant (D)
  5 draconians (D)
  A cyclops (D)
  A black mamba (D)
  A torpor snail (D)
  A naga mage (D)
  2 eyes of devastation (D)
  A rime drake (D)
  A dryad (D)
  4 trolls (D)
  A merfolk (shapeshifter) (D)
  4 jumping spiders (D)
  4 two-headed ogres (D)
  A raiju (D)
  3 slime creatures (D)
  A redback (D)
  7 spriggans (D)
  A ynoxinul (D)
  A spriggan (shapeshifter) (D)
  2 neqoxecs (D)
  A naga (D)
  A giant eyeball (D)
  A giant eyeball (shapeshifter) (D)
  4 orc warriors (D)
  3 black bears (D)
  An eye of draining (D)
  4 wasps (D)
  5 wolves (D)
  An ogre (D)
  A small abomination (D)
  2 jellies (D)
  2 crimson imps (D)
  2 quasits (D)
  An orc priest (D)
  An iron imp (D)
  2 mummies (D)
  An adder (D)
  3 shadow imps (D)
  4 oozes (D)
  An adder skeleton (D)
  A spectral bat (D)
  A ball python (D)
  A giant gecko zombie (D)
  A jackal skeleton (D)
  A quokka skeleton (D)
  2 butterflies (D)
127 creatures vanquished.

Vanquished Creatures (collateral kills)
  A stone giant (D)
  A spriggan defender (D)
  A very ugly thing (D)
  A spriggan air mage (D)
  A satyr (D)
  3 soul eaters (D)
  A spriggan druid (D)
  An orb spider (D)
  A cyclops (D)
  A draconian (D)
  A shining eye (D)
  A naga mage (D)
  A water nymph (shapeshifter) (D)
  A black mamba (D)
  A jumping spider (D)
  A slime creature (D)
  A water moccasin (D)
  2 orc warriors (D)
  A wasp (D)
  2 jellies (D)
  A ball python (D)
  A ball python skeleton (D)
  A quokka zombie (D)
27 creatures vanquished.

Vanquished Creatures (others)
  A redback (D)
  A wasp (D)
2 creatures vanquished.

Grand Total: 156 creatures vanquished

Notes
Turn   | Place    | Note
--------------------------------------------------------------
     0 | D        | Joat the Demonspawn Gladiator began the quest for the Orb.
     0 | D        | Reached XP level 1. HP: 16/16 MP: 1/1
     0 | D        | Found a roughly hewn altar of Beogh.
     0 | D        | Found a viscous altar of Jiyva.
     0 | D        | Found a corrupted altar of Lugonu.
     0 | D        | Found a white marble altar of Elyvilon.
     0 | D        | Found a sparkling altar of Nemelex Xobeh.
     0 | D        | Found a burning altar of Makhleb.
     0 | D        | Found an iron altar of Okawaru.
     0 | D        | Found a deep blue altar of Sif Muna.
     0 | D        | Found a radiant altar of Vehumet.
     0 | D        | Found a bloodstained altar of Trog.
     0 | D        | Found a shimmering altar of Xom.
   119 | D        | Became a worshipper of Vehumet
   140 | D        | Entered arena 1.
   140 | D        | Noticed a black bear
   140 | D        | Noticed a black bear
   144 | D        | Killed a black bear
   144 | D        | Reached skill level 5 in Axes
   144 | D        | Reached skill level 2 in Shields
   144 | D        | Gained mutation: You have sharp toenails. [demonic ancestry]
   144 | D        | Reached XP level 2. HP: 20/25 MP: 2/2
   144 | D        | Reached XP level 3. HP: 24/30 MP: 3/3
   144 | D        | Reached XP level 4. HP: 30/37 MP: 4/4
   147 | D        | Killed a black bear
   147 | D        | Reached skill level 3 in Shields
   147 | D        | Gained mutation: You are immune to rotting. [demonic ancestry]
   147 | D        | Reached XP level 5. HP: 27/43 MP: 5/5
   256 | D        | Entered arena 2.
   256 | D        | Noticed a draconian
   256 | D        | Noticed a draconian
   256 | D        | Noticed a draconian
   263 | D        | Killed a draconian
   263 | D        | Reached * piety under Vehumet
   263 | D        | Offered knowledge of Sting by Vehumet.
   263 | D        | Reached skill level 5 in Throwing
   263 | D        | Reached skill level 5 in Armour
   263 | D        | Reached skill level 5 in Dodging
   263 | D        | Reached skill level 5 in Shields
   263 | D        | Gained mutation: You may emit foul miasma when damaged in melee. [demonic ancestry]
   263 | D        | Reached XP level 6. HP: 47/52 MP: 6/6
   263 | D        | Gained mutation: You sometimes gain a little power by taking damage. [demonic ancestry]
   263 | D        | Reached XP level 7. HP: 52/58 MP: 7/7
   267 | D        | Killed a draconian
   268 | D        | Killed a draconian
   268 | D        | Reached skill level 6 in Shields
   268 | D        | Reached XP level 8. HP: 62/67 MP: 8/8
   276 | D        | Got the ring of Midwinter {+Fly Int+6 Dex-3}
   279 | D        | Entered arena 3.
   279 | D        | Noticed an anubis guard
   279 | D        | Noticed a mummy priest
   283 | D        | Reached ** piety under Vehumet
   284 | D        | Noticed a sun demon
   285 | D        | Noticed a flayed ghost
   285 | D        | Killed a mummy priest
   285 | D        | Reached skill level 10 in Axes
   285 | D        | Reached skill level 7 in Shields
   285 | D        | Gained mutation: You are partially covered in slimy green scales (AC +2). [demonic ancestry]
   285 | D        | Reached XP level 9. HP: 27/75 MP: 9/9
   285 | D        | Noticed a reaper
   289 | D        | Killed an anubis guard
   433 | D        | Entered arena 4.
   433 | D        | Noticed a draconian
   433 | D        | Noticed a death cob
   433 | D        | Noticed a draconian
   433 | D        | Noticed a draconian
   440 | D        | Killed a draconian
   440 | D        | Reached *** piety under Vehumet
   440 | D        | Offered knowledge of Shock by Vehumet.
   440 | D        | Reached skill level 8 in Shields
   442 | D        | Killed a death cob
   442 | D        | Gained mutation: You sometimes gain power by taking damage. [demonic ancestry]
   442 | D        | Reached XP level 10. HP: 85/85 MP: 10/10
   442 | D        | Killed a draconian
   442 | D        | Reached skill level 10 in Fighting
   445 | D        | Killed a draconian
   445 | D        | Reached skill level 9 in Shields
   464 | D        | Learned a level 5 spell: Lee's Rapid Deconstruction
   479 | D        | Entered arena 5.
   482 | D        | Reached **** piety under Vehumet
   484 | D        | Reached ***** piety under Vehumet
   498 | D        | Entered arena 6.
   498 | D        | Noticed a shining eye
   498 | D        | Noticed a shining eye
   499 | D        | Gained mutation: Armour fits poorly on your strangely shaped body. [a shining eye]
   501 | D        | Gained mutation: You are weak. (Str -2) [a shining eye]
   503 | D        | Gained mutation: You tend to lose your temper in combat. [a shining eye]
   504 | D        | Killed a shining eye
   508 | D        | Killed a shining eye
   552 | D        | Entered arena 7.
   552 | D        | Noticed a spriggan rider
   552 | D        | Noticed a spriggan rider
   558 | D        | Reached ****** piety under Vehumet
   586 | D        | Entered arena 8.
   586 | D        | Noticed a sixfirhy
   591 | D        | Killed a sixfirhy
   591 | D        | Offered knowledge of Stone Arrow by Vehumet.
   591 | D        | Reached skill level 10 in Armour
   591 | D        | Reached skill level 10 in Dodging
   591 | D        | Reached skill level 10 in Shields
   609 | D        | Entered arena 9.
   609 | D        | Noticed a spriggan rider
   611 | D        | Gained mutation: You are mostly covered in slimy green scales (AC +3). [demonic ancestry]
   611 | D        | Reached XP level 11. HP: 93/93 MP: 11/11
   630 | D        | Killed a spriggan rider
   651 | D        | Identified a +1 pair of boots of running (You found it in the Dungeon)
   664 | D        | Entered arena 10.
   688 | D        | Got the +0 pair of gloves "Wizxefah" {rN+}
   704 | D        | Entered arena 11.
   704 | D        | Noticed an orb spider
   704 | D        | Noticed a ghost moth
   713 | D        | Reached skill level 11 in Shields
   724 | D        | Killed an orb spider
   777 | D        | Got a coiled sapphire amulet
   779 | D        | Identified the amulet of Turicvur {Gourm rF+ rN++ Str+3 Int+4} (You acquired it in the Dungeon)
   786 | D        | Gained mutation: You have razor-sharp toenails. [demonic ancestry]
   786 | D        | Reached XP level 12. HP: 48/103 MP: 12/12
   841 | D        | Entered arena 12.
   841 | D        | Noticed a stone giant
   841 | D        | Noticed a stone giant
   847 | D        | Offered knowledge of Inner Flame by Vehumet.
   854 | D        | Killed a stone giant
   854 | D        | Reached skill level 12 in Shields
   854 | D        | Killed a stone giant
   891 | D        | Got the +0 scale mail of the Sun {MR+ Int+8 Dex-2}
  1100 | D        | Entered arena 13.
  1106 | D        | Noticed an orc warlord
  1110 | D        | Offered knowledge of Ignite Poison by Vehumet.
  1110 | D        | Reached skill level 15 in Axes
  1123 | D        | Killed an orc warlord
  1123 | D        | Reached XP level 13. HP: 40/112 MP: 13/13
  1418 | D        | Entered arena 14.
  1419 | D        | Noticed a ghoul
  1419 | D        | Noticed a ghoul
  1420 | D        | Noticed a shadow dragon
  1422 | D        | Offered knowledge of Olgreb's Toxic Radiance by Vehumet.
  1432 | D        | Killed a ghoul
  1432 | D        | Reached skill level 13 in Shields
  1437 | D        | Killed a ghoul
  1444 | D        | Killed a shadow dragon
  1451 | D        | Got the +0 cloak "Meciuson" {rCorr Str+5}
  1636 | D        | Entered arena 15.
  1640 | D        | Noticed a spriggan defender
  1641 | D        | Noticed a spriggan defender
  1651 | D        | Offered knowledge of Lightning Bolt by Vehumet.
  1653 | D        | Killed a spriggan defender
  1655 | D        | Reached skill level 15 in Fighting
  1659 | D        | Killed a spriggan defender
  1659 | D        | Reached skill level 14 in Shields
  1706 | D        | Identified Videatil's Tome of Talismans (You found it in the Dungeon)
  1741 | D        | Learned a level 2 spell: Passwall
  2063 | D        | Entered arena 16.
  2068 | D        | Offered knowledge of Delayed Fireball by Vehumet.
  2068 | D        | Reached skill level 1 in Poison Magic
  2073 | D        | Noticed a purple very ugly thing
  2073 | D        | Noticed a purple very ugly thing
  2082 | D        | Reached skill level 1 in Transmutations
  2082 | D        | Reached skill level 1 in Earth Magic
  2083 | D        | Gained mutation: You are very weak. (Str -4) [a shining eye]
  2085 | D        | Noticed a minotaur
  2085 | D        | a hell hog changed into a minotaur
  2085 | D        | Gained mutation: You are frail (-10% HP). [a neqoxec]
  2087 | D        | Killed a white very ugly thing
  2091 | D        | a minotaur changed into a catoblepas
  2093 | D        | Killed a white very ugly thing
  2094 | D        | Reached skill level 5 in Poison Magic
  2095 | D        | Gained mutation: You are powered by pain. [demonic ancestry]
  2095 | D        | Reached XP level 14. HP: 58/111 MP: 14/14
  2124 | D        | Got the amulet "Maire" {rC+ rN+ Regen+ Stlth+}
  2346 | D        | Entered arena 17.
  2349 | D        | Noticed an acid blob
  2350 | D        | Noticed an azure jelly
  2355 | D        | Offered knowledge of Bolt of Fire by Vehumet.
  2355 | D        | Reached skill level 15 in Shields
  2355 | D        | Paralysed by a great orb of eyes for 4 turns
  2360 | D        | Killed an acid blob
  2365 | D        | Reached skill level 16 in Shields
  2365 | D        | Reached skill level 10 in Poison Magic
  2370 | D        | Killed an azure jelly
  2370 | D        | Reached skill level 17 in Shields
  2415 | D        | Entered arena 18.
  2478 | D        | Offered knowledge of Orb of Destruction by Vehumet.
  2482 | D        | Reached skill level 18 in Shields
  2483 | D        | Slain by a wolf spider

Skill      XL: |  1  2  3  4  5  6  7  8  9 10 11 12 13 14 |
---------------+-------------------------------------------+-----
Fighting       | 3 4 6 7 8 9 11 12 13 15 | 15.8
Axes           | 5 6 7 9 10 12 13 14 15 16 | 16.7
Throwing       | 3 4 5 6 |  6.1
Armour         | 2 3 5 6 7 8 10 11 12 14 | 14.5
Dodging        | 3 4 5 7 9 10 11 12 | 12.5
Shields        | 2 3 5 6 7 8 10 11 12 14 18 | 18.0
Poison Magic   | 5 13 | 13.1
Transmutations | 3 |  3.6
Earth Magic    | 3 |  3.3

Action                   |  1- 3 |  4- 6 |  7- 9 | 10-12 | 13-15 || total
-------------------------+-------+-------+-------+-------+-------++-------
Melee: Broad axe         |     3 |     9 |    24 |   101 |   109 ||   246
       Kick              |       |     7 |    10 |    30 |    49 ||    96
Evoke: Deck              |       |       |       |       |     1 ||     1
  Use: Scroll            |       |       |     4 |     1 |       ||     5
       Potion            |       |       |     1 |     3 |     6 ||    10
 Stab: Distracted        |       |       |       |     1 |     5 ||     6
  Eat: Chunk             |       |       |       |    11 |     9 ||    20
       Royal jelly       |       |       |       |       |     1 ||     1
Armor: Crystal plate arm |     8 |     8 |    19 |    84 |    96 ||   215
Dodge: Dodged            |       |       |     2 |     4 |    40 ||    46
Block: Shield            |     6 |    21 |    37 |   173 |   222 ||   459
